AoeStats
← 739697286

Arena

505194473Analyzed
4v4 RM · 25d ago on Sep 8, 2026· 41m 35s· 8 players
Game mode
Random Map
Map size
Large (8 player)
Population
200
Speed
Normal
Resources
Standard
Victory
Conquest
Starting age
Dark Age
Ending age
Imperial Age
RankedLock teamsTeams togetherTeam positionsShared explorationLock speedFull tech treeHidden civsTurbo modeCheats
Victory
Defeat
🇨🇳 Italians · China
1570
+12
🇲🇽 Khmer · Mexico
1474
+16
🇺🇸 Britons · United States
1325
+22
🇫🇷 Wu · France
1302
+23
🇨🇳 Vietnamese · China
1547
-21
🇨🇳 Britons · China
1467
-18
1441
-17
🇨🇳 Khmer · China
1431
-17
归来仍只会种田
10:32 Feudal Age
11:01 Double-Bit Axe
14:54 Castle Age
13:09 Horse Collar
15:51 Bow Saw
16:07 Heavy Plow
21:00 Loom
22:13 Gold Mining
24:36 Stone Mining
28:14 Imperial Age
27:10 Wheelbarrow
27:04 Fletching
27:03 Treadmill Crane
27:43 Ballistics
29:52 Bodkin Arrow
31:00 Chemistry
30:39 Hand Cart
Doomsday
10:32 Feudal Age
13:24 Castle Age
11:50 Double-Bit Axe
12:20 Horse Collar
22:37 Heavy Plow
22:51 Bow Saw
24:48 Wheelbarrow
25:32 Gold Mining
26:03 Hand Cart
26:55 Gold Shaft Mining
29:16 Imperial Age
27:11 Stone Mining
27:34 Scale Barding Armor
27:40 Forging
28:40 Bloodlines
28:35 Husbandry
29:21 Chain Barding Armor
29:08 Loom
29:26 Elite Battle Elephant
30:45 Plate Barding Armor
30:47 Iron Casting
小白
10:44 Feudal Age
14:31 Castle Age
12:24 Double-Bit Axe
12:42 Horse Collar
15:18 Wheelbarrow
17:54 Heavy Plow
17:54 Loom
20:09 Gold Mining
21:24 Stone Mining
23:23 Stone Shaft Mining
24:24 Hand Cart
28:19 Imperial Age
26:23 Fletching
26:48 Padded Archer Armor
27:24 Bodkin Arrow
28:07 Thumb Ring
28:36 Ballistics
29:15 Bow Saw
29:37 Crop Rotation
29:14 Bracer
30:15 Chemistry
30:05 Elite Rattan Archer
31:24 Paper Money
32:32 Two-Man Saw
32:42 Leather Archer Armor
33:21 Bloodlines
33:12 Husbandry
34:16 Ring Archer Armor
33:47 Murder Holes
33:31 Light Cavalry
34:41 Scale Barding Armor
36:16 Chain Barding Armor
36:03 Chatras
38:20 Plate Barding Armor
38:37 Forging
39:03 Siege Engineers
739697286
10:52 Feudal Age
10:57 Feudal Age
11:03 Feudal Age
14:58 Castle Age
13:18 Double-Bit Axe
13:28 Horse Collar
14:41 Gold Mining
16:12 Bow Saw
16:23 Heavy Plow
19:42 Loom
20:24 Town Watch
22:15 Wheelbarrow
27:30 Imperial Age
25:35 Fletching
25:45 Padded Archer Armor
25:35 Fletching
25:46 Padded Archer Armor
25:36 Fletching
25:46 Padded Archer Armor
26:24 Gold Shaft Mining
25:43 Stone Mining
26:40 Bodkin Arrow
26:37 Crossbowman
28:13 Bracer
28:28 Leather Archer Armor
28:13 Bracer
28:28 Leather Archer Armor
28:13 Bracer
28:28 Leather Archer Armor
28:14 Bracer
28:29 Leather Archer Armor
28:14 Bracer
28:29 Leather Archer Armor
29:26 Conscription
28:44 Arbalester
29:52 Scale Mail Armor
32:00 Hand Cart
32:29 Ring Archer Armor
34:18 Forging
34:24 Chain Mail Armor
36:03 Iron Casting
36:55 Chemistry
36:50 Yeomen
37:08 Treadmill Crane
CAXCAN
12:08 Feudal Age
14:58 Castle Age
12:44 Horse Collar
13:11 Double-Bit Axe
18:04 Loom
21:11 Heavy Plow
22:47 Bow Saw
23:14 Wheelbarrow
24:53 Hand Cart
25:55 Scale Barding Armor
26:02 Forging
26:04 Gold Mining
26:38 Husbandry
29:23 Imperial Age
29:33 Imperial Age
27:35 Bloodlines
28:29 Tusk Swords
29:22 Chain Barding Armor
29:38 Iron Casting
28:34 Light Cavalry
31:34 Plate Barding Armor
32:07 Devotion
32:03 Elite Battle Elephant
37:03 Fletching
39:24 Capped Ram
42:15 Conscription
Romwar
4:14 Loom
10:27 Feudal Age
15:32 Castle Age
14:40 Double-Bit Axe
19:16 Horse Collar
22:14 Wheelbarrow
23:13 Town Watch
24:16 Gold Mining
24:29 Heavy Plow
25:34 Bow Saw
29:26 Imperial Age
27:10 Fletching
27:21 Padded Archer Armor
28:12 Gold Shaft Mining
28:27 Hand Cart
27:39 Crossbowman
28:47 Leather Archer Armor
28:52 Bodkin Arrow
30:16 Ballistics
29:55 Arbalester
31:14 Bracer
33:51 Chemistry
33:17 Squires
32:37 Pikeman
33:03 Arson
35:08 Ring Archer Armor
35:39 Conscription
38:08 Scale Mail Armor
38:18 Forging
37:37 Halberdier
38:03 Gambesons
38:09 Elite Longbowman
40:40 Iron Casting
40:20 Chain Mail Armor
40:26 Treadmill Crane
心如止水
10:32 Feudal Age
12:01 Double-Bit Axe
14:40 Castle Age
13:23 Horse Collar
17:20 Wheelbarrow
24:54 Imperial Age
22:49 Scale Mail Armor
23:10 Squires
22:56 Arson
23:32 Bow Saw
24:03 Chain Mail Armor
23:52 Gold Mining
24:27 Loom
25:27 Forging
25:44 Heavy Plow
27:06 Plate Mail Armor
30:19 Iron Casting
30:09 Fletching
30:20 Padded Archer Armor
32:16 Chemistry
32:40 Town Watch
33:32 Hand Cart
34:00 Guilds
33:51 Bodkin Arrow
34:50 Leather Archer Armor
35:00 Ballistics
34:31 Elite Skirmisher
35:20 Bracer
36:04 Conscription
36:56 Ring Archer Armor
37:25 Bombard Tower
39:10 Blast Furnace
38:25 Masonry
37:56 Elite Genoese Crossbowman
40:11 Silk Road
41:07 Two-Man Saw
41:11 Thumb Ring
PILOT
11:03 Feudal Age
12:00 Double-Bit Axe
14:55 Castle Age
12:53 Horse Collar
16:08 Bow Saw
19:52 Heavy Plow
20:58 Wheelbarrow
23:52 Loom
27:37 Imperial Age
25:43 Gold Mining
25:56 Scale Mail Armor
26:32 Hand Cart
26:26 Scale Mail Armor
27:00 Squires
27:22 Chain Mail Armor
27:11 Arson
28:53 Plate Mail Armor
28:45 Conscription
29:20 Forging
31:10 Iron Casting
31:23 Town Watch
33:28 Gold Shaft Mining
32:45 Pikeman
34:05 Halberdier
36:28 Scale Barding Armor
37:30 Chain Barding Armor
37:10 Heavy Hei Guang Cavalry
38:11 Husbandry
38:22 Bloodlines
38:48 Plate Barding Armor
39:14 Blast Furnace
39:39 Stone Mining
41:25 Two-Man Saw
Connection lost

Rejoining the realm…

Still unreachable

The connection could not be restored.

Session expired

The server has moved on; the page needs a fresh start.